 Dungeon Crawl Stone Soup version 0.31.0-32-g396128a36d (webtiles) character file.

Game seed: 10712860702463622947

337 PaiMei the Gusty (level 6, -2/36 HPs)
             Began as a Tengu Air Elementalist on Mar 20, 2024.
             Slain by an orc priest
             ... wielding a +0 flail
              (6 damage)
             ... on level 4 of the Dungeon.
             The game lasted 00:04:26 (3364 turns).

PaiMei the Gusty (Tengu Air Elementalist)           Turns: 3364, Time: 00:04:27

Health: -2/36      AC:  2    Str:  9    XL:     6   Next: 54%
Magic:  2/11       EV: 13    Int: 17    God:
Gold:   177        SH:  0    Dex: 14    Spells: 10/11 levels left

rFire   + . .        l - +0 hand axe (venom)
rCold   . . .        (no shield)
rNeg    . . .        a - +0 robe
rPois   .            (helmet restricted)
rElec   .            (no cloak)
rCorr   .            (no gloves)
SInv    .            (boots unavailable)
Will    .....        (no amulet)
Stlth   ++           h - ring of protection from fire
HPRegen 0.26/turn    (no ring)
MPRegen 0.12/turn

%: acrobat
@: no status effects
A: beak, talons 3, acrobatic
a: no special abilities


You were on level 4 of the Dungeon.
You visited 1 branch of the dungeon, and saw 4 of its levels.

You collected 177 gold pieces.

Inventory:

Hand Weapons
 k - a +3 sling
 l - a +0 hand axe of venom (weapon)
Missiles
 e - 10 atropa-tipped darts (quivered)
Armour
 a - a +0 robe (worn)
 m - an orb of mayhem
Jewellery
 h - a ring of protection from fire (left hand)
Scrolls
 d - a scroll of acquirement {unknown}
 f - a scroll of teleportation {unknown}
 g - 5 scrolls of identify {unknown}
 o - 2 scrolls of enchant armour {unknown}
 p - a scroll of fog {unknown}
 q - a scroll of butterflies {unknown}
Potions
 b - a potion of magic
 c - 3 potions of heal wounds {unknown}
 i - a potion of lignification {unknown}
 j - 3 potions of curing {unknown}
 n - a potion of ambrosia {unknown}
 r - a potion of attraction {unknown}


   Skills:
 + Level 2.4 Fighting
 + Level 3.7 Dodging
 - Level 2.1 Stealth
 + Level 3.2 Spellcasting
 + Level 3.8 Conjurations
 + Level 5.5 Air Magic


You had 10 spell levels left.
You knew the following spells:

 Your Spells              Type           Power      Damage    Failure   Level
a - Shock                 Conj/Air       72%        1d7       2%          1

Your spell library contained the following spells:

 Spells                   Type           Power      Damage    Failure   Level
 Static Discharge         Conj/Air       36%        3-5/arc   3%          2
 Swiftness                Air            21%        N/A       5%          3
 Airstrike                Air            10%        2d(2-18)  17%         4


Dungeon Overview and Level Annotations

Branches:
Dungeon (4/15)
 Temple: D:4-7

Altars:
Ashenzari
Gozag
Hepliaklqana
Qazlal
Sif Muna

Shops:
D:3 :


Innate Abilities, Weirdness & Mutations

You have a beak for a mouth.
You have claws for feet.
You can magically evade attacks while moving or waiting.


Message History

Aiming: Shock (safe; 2% risk of failure)
Press: ? - help, Shift-Dir - straight line, f/p - orc priest
Aim: an orc priest, wielding a +0 flail and wearing a +0 chain mail (moderately wounded, 79% to hit)
The zap hits the orc priest.
The orc priest is heavily wounded.
The orc priest hits you with a +0 flail.
* * * LOW HITPOINT WARNING * * *
You hit the orc priest but do no damage.
The orc priest is poisoned.
The orc priest is heavily wounded.
The orc priest barely misses you.
Casting: Shock (safe; 2% risk of failure)
Confirm with . or Enter, or press ? or * to list all spells.
Aiming: Shock (safe; 2% risk of failure)
Press: ? - help, Shift-Dir - straight line, f/p - orc priest
Aim: an orc priest, wielding a +0 flail and wearing a +0 chain mail (heavily wounded, very poisoned, 79% to hit)
The zap misses the orc priest.
The orc priest hits you with a +0 flail!
* * * LOW HITPOINT WARNING * * *
An orc priest is nearby!
Casting: Shock (safe; 2% risk of failure)
Confirm with . or Enter, or press ? or * to list all spells.
Aiming: Shock (safe; 2% risk of failure)
Press: ? - help, Shift-Dir - straight line, f/p - orc priest
Aim: an orc priest, wielding a +0 flail and wearing a +0 chain mail (severely wounded, very poisoned, 79% to hit)
The zap hits the orc priest.
The orc priest is severely wounded.
The orc priest misses you.
Casting: Shock (safe; 2% risk of failure)
Confirm with . or Enter, or press ? or * to list all spells.
Aiming: Shock (safe; 2% risk of failure)
Press: ? - help, Shift-Dir - straight line, f/p - orc priest
Aim: an orc priest, wielding a +0 flail and wearing a +0 chain mail (severely wounded, very poisoned, 79% to hit)
The zap hits the orc priest but does no damage.
The orc priest is severely wounded.
The orc priest closely misses you.
You closely miss the orc priest.
The orc priest is severely wounded.
The orc priest hits you with a +0 flail.
You die...

#.....#..#.#..## #.####.###
#.....#..#....#####.##.....#
##....##.............#.......
###.#.###..[.....###...#.......
#..###...........# #.#....._...
###.#.#..##.....#.##
#...#.......
#......#.##.....#.#
###.#.......
#.#.##.#.##.....#.# #.##.....#
................@.# #.####.###
.##......##.####o## #.........
.#.......##.# #.# ##.##.#..#
.#.#...#.##.# ... #.##.#..#
.........##.# ...# #........
##..#.......# #...# ).....###
#..##.#.#### #...# ####.. # .#.
..... ....### #.##....


You could see an orc priest (very poisoned).

Vanquished Creatures
  A scorpion (D:4)
  A bombardier beetle (D:3)
  2 orc priests (D:4)
  An iguana (D:4)
  4 gnolls (D:3)
  8 adders
  A dart slug (D:1)
  4 endoplasms
  6 giant cockroaches
  6 goblins
  2 hobgoblins (D:1)
  2 jackals (D:4)
  A quokka (D:4)
  4 ball pythons (D:1)
  3 bats
  A frilled lizard (D:3)
  8 kobolds
  5 rats
60 creatures vanquished.

Notes
Turn   | Place    | Note
-------+----------+-------------------------------------------
     0 | D:1      | PaiMei the Tengu Air Elementalist began the quest for the
                  | Orb.
     0 | D:1      | Reached XP level 1. HP: 10/10 MP: 4/4
   247 | D:1      | Reached XP level 2. HP: 15/15 MP: 3/6
   767 | D:1      | Reached XP level 3. HP: 20/20 MP: 5/7
  1164 | D:2      | Reached skill level 1 in Fighting
  1362 | D:2      | Reached XP level 4. HP: 24/25 MP: 6/8
  1974 | D:3      | Found Siwkor's Book Boutique.
  2099 | D:3      | Reached XP level 5. HP: 19/30 MP: 0/10
  2284 | D:3      | Reached skill level 5 in Air Magic
  2352 | D:3      | Found a broken altar of Ashenzari.
  2352 | D:3      | Found a stormy altar of Qazlal.
  2352 | D:3      | Found a hazy altar of Hepliaklqana.
  2985 | D:4      | Reached XP level 6. HP: 35/35 MP: 4/11
  3122 | D:4      | Found a shimmering blue altar of Sif Muna.
  3307 | D:4      | Found an opulent altar of Gozag.
  3364 | D:4      | Slain by an orc priest

Illustrated notes

Levels and vault maps discovered:
D:1:      dpeg_cavernosity, layout_rooms, serial_glass, glass_columns_a,
          glass_columns_a, glass_columns_b, glass_columns_b, glass_columns_c,
          glass_columns_a, glass_columns_b, glass_columns_c, dk_noncrumbling_4,
          minmay_shallow_snake_nest
D:2:      layout_loops_cross, nicolae_the_louvre
D:3:      layout_basic, gammafunk_temple_overflow_claw, serial_shops, shop
D:4:      layout_loops_cross, old_standard_altar, grunt_gozag_statues

Skill      XL: |  1  2  3  4  5 |
---------------+----------------+-----
Conjurations   | 2 3 |  3.8
Fighting       | 1 2 |  2.4
Dodging        | 3 |  3.7
Air Magic      | 5 |  5.5
Spellcasting   | 3 |  3.2
Stealth        | |  2.1

Action                     |  1- 3 |  4- 6 || total
---------------------------+-------+-------++-------
  Melee: Dagger            |     9 |       ||     9
         Kick              |     2 |     3 ||     5
         Peck              |     1 |     3 ||     4
         Hand axe          |       |    15 ||    15
   Fire: Sling             |     6 |       ||     6
   Cast: Shock             |    55 |    85 ||   140
   Stab: Sleeping          |       |     1 ||     1
 Armour: Robe              |     6 |    15 ||    21
  Dodge: Dodged            |    17 |    25 ||    42
